 Dungeon Crawl Stone Soup version 0.17-a0-1647-gb11a595 (webtiles) character file.

111 Nakatomy the Magician (level 4, -3/24 HPs)
             Began as a Deep Elf Wizard on Aug 12, 2015.
             Was an Initiate of Kikubaaqudgha.
             Killed by divine providence
             ... invoked by an orc priest
              (15 damage)
             ... on level 3 of the Dungeon.
             The game lasted 00:15:17 (3547 turns).

Nakatomy the Magician (Deep Elf Wizard)             Turns: 3547, Time: 00:15:17

Health: -3/24      AC:  5    Str:  6    XL:     4   Next: 62%
Magic:  6/14       EV: 12    Int: 19    God:    Kikubaaqudgha [......]
Gold:   117        SH:  0    Dex: 13    Spells: 3 memorised, 9 levels left

rFire  . . .     SeeInvis .     f - +0 short sword
rCold  . . .     Clarity  .     a - +0 robe
rNeg   . . .     SustAt   .     (no shield)
rPois  .         Gourm    .     b - +0 hat
rElec  .         Spirit   .     t - +2 cloak
rCorr  .         Warding  .     (no gloves)
rMut   .         Stasis   .     (no boots)
MR     .....                    (no amulet)
Stlth  ++........               s - +2 ring of strength
                                j - -5 ring of intelligence (curse)

@: very slightly contaminated, not resistant to hostile enchantments, unstealthy
A: no striking features
a: Renounce Religion


You were on level 3 of the Dungeon.
You worshipped Kikubaaqudgha.
Kikubaaqudgha was noncommittal.
You were not hungry.

You visited 1 branch of the dungeon, and saw 3 of its levels.

You collected 117 gold pieces.

Inventory:

Hand weapons
 f - a +0 short sword (weapon)
 u - a +2 antimagic whip
Armour
 a - a +0 robe (worn)
 b - a +0 hat (worn)
 t - a +2 cloak (worn)
Jewellery
 j - a cursed -5 ring of intelligence (left hand)
 s - a +2 ring of strength (right hand)
Magical devices
 x - a wand of magic darts (26)
Scrolls
 e - 4 scrolls of identify
 h - 3 scrolls of magic mapping {unknown}
 l - a scroll of fear {unknown}
 p - a scroll of recharging {unknown}
 r - a scroll of immolation {unknown}
 w - 2 scrolls of remove curse {unknown}
 y - a scroll of amnesia {unknown}
 z - a scroll of enchant armour {unknown}
Potions
 g - 2 potions of curing
 i - a potion of invisibility {unknown}
 n - a potion of brilliance {unknown}
 q - a potion of magic {unknown}
 A - a potion of flight {unknown}
Books
 c - a book of Minor Magic

   Spells                             Type                      Level
   a - Magic Dart                     Conjuration                  1
   b - Blink                          Translocation                2
   c - Call Imp                       Summoning                    2
   d - Repel Missiles                 Charms/Air                   2
   e - Slow                           Hexes                        2
   f - Conjure Flame                  Conjuration/Fire             3
   g - Mephitic Cloud                 Conjuration/Poison/Air       3
Comestibles
 d - 3 bread rations
 k - a fruit
 m - a royal jelly
 o - a meat ration
 v - 2 chunks of flesh


   Skills:
 - Level 2.4 Dodging
 - Level 2.4 Stealth
 + Level 6.4 Spellcasting
 + Level 3.1 Conjurations
   Level 1.1 Summonings
 - Level 1.1 Translocations


You had 9 spell levels left.
You knew the following spells:

 Your Spells              Type           Power        Failure   Level  Hunger
a - Magic Dart            Conj           ###.         3%          1    None
b - Blink                 Tloc           N/A          12%         2    None
c - Conjure Flame         Conj/Fire      ##......     17%         3    ##.....


Dungeon Overview and Level Annotations

Branches:
Dungeon (3/15)

Altars:
Kikubaaqudgha
Vehumet


Message History

Confirm with . or Enter, or press ? or * to list all spells.
Aiming: Magic Dart
Press: ? - help, Shift-Dir - straight line, f/p - orc priest
Aim: an orc priest, wielding a flail (moderately wounded)
You miscast Magic Dart.
Nothing appears to happen.
Casting: Magic Dart
Confirm with . or Enter, or press ? or * to list all spells.
Aiming: Magic Dart
Press: ? - help, Shift-Dir - straight line, f/p - orc priest
Aim: an orc priest, wielding a flail (moderately wounded)
The magic dart hits the orc priest.
The orc priest is heavily wounded.
The orc priest invokes the aid of Beogh against you.
Something smites you!
Ouch! That really hurt!
The orc priest mumbles some strange prayers to Beogh against you.
Something smites you!
Ouch! That really hurt!
You die...
Kikubaaqudgha rasps: "You have failed me!
Welcome... death!" ....o {oo

#o#
############
#ยง#
#.....#.....
#.#
#.....#.....
#.#
#...........
#.#
#.........##
#.#
#.........++
#@#
#.........##
#.#
##'#........
#.#
#.#.#......
#.#
#.#.#.#####
#.#
####.#........
#.#
#....###.#####
#.# #.####
#.##...
#.###.#
#)##.##
#.....# #.##.#


You could see an orc priest and 2 orcs.

Vanquished Creatures
  2 gnolls (D:2)
  3 adders (D:3)
  An ooze (D:1)
  A worm (D:2)
  5 orcs (D:3)
  A ball python (D:2)
  5 bats
  2 hobgoblins (D:2)
  7 jackals
  6 kobolds
  A quokka (D:2)
  A giant cockroach (D:1)
  2 giant geckos
  2 giant newts
  4 goblins
  7 rats
  3 rat zombies (D:2)
53 creatures vanquished.

Notes
Turn   | Place    | Note
--------------------------------------------------------------
     0 | D:1      | Nakatomy the Deep Elf Wizard began the quest for the Orb.
     0 | D:1      | Reached XP level 1. HP: 10/10 MP: 7/7
   549 | D:1      | Reached XP level 2. HP: 15/15 MP: 7/9
   663 | D:1      | Reached skill level 5 in Spellcasting
  1069 | D:1      | Learned a level 2 spell: Blink
  1626 | D:2      | Reached XP level 3. HP: 19/19 MP: 9/11
  1798 | D:2      | Found a radiant altar of Vehumet.
  2283 | D:2      | Found an ancient bone altar of Kikubaaqudgha.
  2329 | D:2      | Became a worshipper of Kikubaaqudgha
  3019 | D:3      | Reached skill level 6 in Spellcasting
  3019 | D:3      | Reached XP level 4. HP: 24/24 MP: 9/14
  3476 | D:3      | Learned a level 3 spell: Conjure Flame
  3547 | D:3      | Killed from afar by an orc priest

Vault maps used:
D:1:      wheals_arrival_shading, glass_columns_c
D:2:      lemuel_zombie_altar_kikubaaqudgha, vehumet_crystals
D:3:      okawaru_altar_gauntlet_db, first_bread

Action                   |  1- 3 |  4- 6 || total
-------------------------+-------+-------++-------
Melee: Short sword       |    10 |     5 ||    15
 Cast: Magic Dart        |    97 |    41 ||   138
       Blink             |     8 |       ||     8
       Conjure Flame     |       |     1 ||     1
  Use: Scroll            |     2 |       ||     2
  Eat: Chunk             |     4 |     3 ||     7
       Fruit             |     1 |       ||     1
